Ben, chaotic male elven Wizard -----#----- -- |......D.....| |...<..@.....| |............| -------------- Ben the Thaumaturge Experience level: 6 Strength: 11 Dexterity: 11 Constitution: 16 Intelligence: 20 Wisdom: 8 Charisma: 12 Health: 0(40) Energy: 40(55) AC: 9 Gold: 321 Moves: 1979 Your Inventory: Coins $ - 321 gold pieces Weapons a - a blessed +1 quarterstaff (weapon in hands) Armor b - an uncursed +0 cloak of magic resistance (being worn) Comestibles s - 2 [uncursed] tripe rations u - a [blessed] tin [of newt meat] Scrolls i - an uncursed scroll of remove curse w - an uncursed scroll of punishment Spellbooks k - a blessed spellbook of force bolt l - an uncursed spellbook of jumping p - an [uncursed] spellbook of wizard lock r - an [uncursed] spellbook of create monster v - an uncursed spellbook of healing Potions f - an uncursed potion of restore ability g - an uncursed potion of sickness h - an uncursed potion of gain energy Rings d - an uncursed ring of see invisible e - an uncursed +2 ring of gain strength (on right hand) z - an uncursed ring of regeneration (on left hand) Wands c - an uncursed wand of digging (0:7) y - an [uncursed] wand of create monster [0:12] Gems q - an [uncursed] white gem [opal] A - a [cursed] orange gem [worthless glass] C - an [uncursed] red gem [worthless glass] D - an [uncursed] yellow gem [worthless glass] Spells known in the end: Name Level Category Fail Memory a - force bolt 1 attack 0% [||||||||] b - jumping 1 escape 0% [||||||||] c - wizard lock 2 matter 29% [||||||||] d - create monster 2 clerical 29% [||||||||] e - healing 1 healing 0% [||||||||] Your skills at the end: Fighting Skills Weapon Skills quarterstaff [Basic / Expert] Spellcasting Skills attack spells [Basic / Expert] enchantment spells [Basic / Skilled] Final Attributes: You were devoutly aligned. Hunger level was 572. Your alignment was 19 / 19. Monster difficulty range was 0 - 5. Level difficulty was 5. You were immune to sleep. You were magic-protected. You were hallucinating. You saw invisible. You had infravision. You regenerated. Your luck was zero. You are dead. Vanquished creatures: a rock mole a fog cloud 2 giant ants 2 rothes 2 wererats a werejackal 2 iguanas a coyote 2 manes 2 green molds 2 gnome zombies 2 geckos 6 jackals 2 goblins 2 sewer rats 11 grid bugs a bat 2 lichens 5 newts and a partridge in a pear tree 49 creatures vanquished. Voluntary challenges: You were an atheist. You used a wielded weapon 51 times. You read items or engraved 5 times. You put on armor 1 time. You never genocided any monsters. You never polymorphed an object. You never changed form. You used no wishes. You never wrote Elbereth's name. You never encountered a bones level. You never used any Sokoban shortcuts. Dungeon overview: The Dungeons of Doom: levels 1 to 5 Level 1 a long staircase Level 2 a long staircase Level 4 a fountain Level 5 <- You were here History has recorded: On T:1 you entered the Dungeons of Doom to retrieve the Amulet of Yendor! On T:499 you advanced to experience level 2. On T:626 you reached level 2 of The Dungeons of Doom. On T:808 you advanced to experience level 3. On T:1019 you advanced to experience level 4. On T:1032 you reached level 3 of The Dungeons of Doom. On T:1441 you reached level 4 of The Dungeons of Doom. On T:1485 you advanced to experience level 5. On T:1763 you advanced to experience level 6. On T:1969 you reached level 5 of The Dungeons of Doom. Latest messages: The verbal jabberwock bites! [HP-2=19] The rogue piercer bites! The poultrygeist bites! [HP-4=15] You hit the giant mango. The giant spider bites! You miss the aria elemental. The amazon bites! The freezing sphere bites! [HP-7=8] The spell misses the Dalek. The marid bites! [HP-3=5] The spell misses the sleazoid. The giant rat bites! The titanothere bites! You die... Final status: Goodbye Ben the Wizard... You died in The Dungeons of Doom on dungeon level 5 with 1779 points, and 321 pieces of gold, after 1979 moves. You were level 6 with a maximum of 40 hit points when you died.